 Dungeon Crawl Stone Soup version 0.17-a0-1591-g7a45446 (webtiles) character file.

147 urechis the Cudgeler (level 5, -2/57 HPs)
             Began as an Ogre Fighter on July 29, 2015.
             Slain by a gnoll (7 damage)
             ... on level 3 of the Dungeon.
             The game lasted 00:05:07 (1926 turns).

urechis the Cudgeler (Ogre Fighter)                 Turns: 1926, Time: 00:05:13

Health: -2/57      AC:  7    Str: 21    XL:     5   Next: 29%
Magic:  5/5        EV:  8    Int:  7    God:
Gold:   94         SH:  8    Dex:  9    Spells: 0 memorised, 4 levels left

rFire  . . .     SeeInvis .     a - +0 flail
rCold  . . .     Clarity  .     b - +0 robe
rNeg   . . .     SustAt   .     c - +0 shield
rPois  .         Gourm    .     (helmet restricted)
rElec  .         Spirit   .     (no cloak)
rCorr  .         Warding  .     (gloves unavailable)
rMut   .         Stasis   .     (boots unavailable)
MR     +....                    (no amulet)
Stlth  +.........               (no ring)
                                i - ring of protection from magic

@: somewhat resistant to hostile enchantments, very unstealthy
A: unfitting armour, fangs 1, horns 1, rough black scales 1, tough skin 1
a: no special abilities


You were on level 3 of the Dungeon.
You were near starving.

You visited 1 branch of the dungeon, and saw 3 of its levels.

You collected 94 gold pieces.

Inventory:

Hand weapons
 a - a +0 flail (weapon)
Missiles
 g - 52 poisoned needles
 o - 10 exploding sling bullets
Armour
 b - a +0 robe (worn)
 c - a +0 shield (worn)
Jewellery
 i - a ring of protection from magic (left hand)
 u - an uncursed amulet of faith {unknown}
Scrolls
 p - a scroll of remove curse {unknown}
 q - 2 scrolls of recharging {unknown}
Potions
 d - a potion of might
 l - a potion of poison
 s - a potion of cure mutation {unknown}
 t - a potion of brilliance {unknown}
Comestibles
 e - a bread ration
 h - 2 meat rations


   Skills:
 + Level 5.2 Fighting
 * Level 5.3 Maces & Flails
 - Level 2.6 Dodging
 + Level 3.4 Shields


You had 4 spell levels left.
You didn't know any spells.

Dungeon Overview and Level Annotations

Branches:
Dungeon (3/15)

Altars:
Kikubaaqudgha
Makhleb


Innate Abilities, Weirdness & Mutations

You are too large for most types of armour.
You have tough skin (AC +1).
You have very sharp teeth.
You have a pair of small horns on your head.
You are partially covered in rough black scales (AC +4, Dex -1).


Message History

The gnoll throws a stone.
You block the stone.
A gnoll shaman comes into view. It is wielding a falchion.
The gnoll throws a stone.
You block the stone.
You see here a stone.
The gnoll throws a stone.
You block the stone.
You see here a stone.
Drink which item? (? for menu, Esc to quit)
Drink which item? (? for menu, Esc to quit)
Okay, then.
The gnoll throws a stone.
You block the stone.
You start resting.
You closely miss the gnoll. Your bite misses the gnoll.
You block the gnoll's attack.
You hit the gnoll. You headbutt the gnoll!
You bite the gnoll, but do no damage.
The gnoll is severely wounded.
The gnoll hits you.
* * * LOW HITPOINT WARNING * * *
The gnoll hits you!
You die...

#.##.#..# #
#.###.#.#
#.###.#.#
#.....#.#
#.######.#..#
#......g###.#
########.#.##
########g######
.......@.((...#
...#...#.####.#
.........# .#
...#...#.# .#
.........# .#
#########.## .#
#..........# .#
#........### .#
#......###


You could see a gnoll.

Vanquished Creatures
  7 gnolls (D:3)
  An adder (D:3)
  An ooze (D:3)
  3 worms (D:2)
  8 orcs (D:3)
  2 bats
  5 giant cockroaches
  4 goblins
  A hobgoblin (D:2)
  4 jackals (D:3)
  2 giant geckos
  5 giant newts
  6 kobolds
  A rat (D:1)
50 creatures vanquished.

Notes
Turn   | Place    | Note
--------------------------------------------------------------
     0 | D:1      | urechis the Ogre Fighter began the quest for the Orb.
     0 | D:1      | Reached XP level 1. HP: 24/24 MP: 1/1
   105 | D:1      | Reached XP level 2. HP: 6/33 MP: 2/2
   911 | D:2      | Reached XP level 3. HP: 30/40 MP: 3/3
   916 | D:2      | Found an ancient bone altar of Kikubaaqudgha.
  1055 | D:2      | Found a burning altar of Makhleb.
  1510 | D:3      | Reached XP level 4. HP: 17/49 MP: 4/4
  1514 | D:3      | Gained mutation: You are partially covered in rough black scales (AC +4, Dex -1). [potion of mutation]
  1514 | D:3      | Gained mutation: You have very sharp teeth. [potion of mutation]
  1514 | D:3      | Gained mutation: You have a pair of small horns on your head. [potion of mutation]
  1876 | D:3      | Reached skill level 5 in Fighting
  1882 | D:3      | Reached skill level 5 in Maces & Flails
  1882 | D:3      | Reached XP level 5. HP: 35/57 MP: 5/5
  1897 | D:3      | HP: 2/57 [gnoll/halberd (11)]
  1926 | D:3      | Slain by a gnoll

Vault maps used:
D:1:      minmay_arrival_four_houses
D:2:      overflow_temple_1_default, nicolae_overflow_hidden_temple
D:3:      lemuel_castle_with_subvaults, lemuel_coloured_pillars_altar,
          okawaru_altar_gauntlet_db

Action                   |  1- 3 |  4- 6 || total
-------------------------+-------+-------++-------
Melee: Flail             |   120 |    38 ||   158
  Use: Potion            |       |     6 ||     6
 Stab: Sleeping          |     1 |       ||     1
  Eat: Chunk             |     2 |       ||     2
